 Dungeon Crawl Stone Soup version 0.19-a0-1672-g679cadd (webtiles) character file.

218 TheGoonsmith the Conjurer (level 5, -5/28 HPs)
             Began as a Deep Elf Conjurer on Sept 22, 2016.
             Was an Initiate of Vehumet.
             Slain by Guenter's ghost (8 damage)
             ... on level 4 of the Dungeon.
             The game lasted 00:03:07 (2566 turns).

TheGoonsmith the Conjurer (Deep Elf Conjurer)       Turns: 2566, Time: 00:03:07

Health: -5/28      AC:  3    Str:  5    XL:     5   Next: 63%
Magic:  6/14       EV: 13    Int: 21    God:    Vehumet [......]
Gold:   161        SH:  0    Dex: 15    Spells: 3 memorised, 6 levels left

rFire  . . .     SeeInvis .     q - +0 dagger (vamp)
rCold  . . .     Gourm    .     a - +0 robe
rNeg   . . .     Faith    .     (no shield)
rPois  .         Spirit   .     (no helmet)
rElec  .         Dismiss  .     m - +0 cloak
rCorr  .         Reflect  .     (no gloves)
MR     .....     Harm     .     (no boots)
Stlth  ++........               (no amulet)
                                (no ring)
                                (no ring)

@: no status effects
A: no striking features
a: Renounce Religion


You were on level 4 of the Dungeon.
You worshipped Vehumet.
Vehumet was noncommittal.
You were not hungry.

You visited 1 branch of the dungeon, and saw 4 of its levels.

You collected 161 gold pieces.

Inventory:

Hand Weapons
 q - a +0 vampiric dagger (weapon)
Armour
 a - a +0 robe (worn)
 m - a +0 cloak (worn)
Jewellery
 z - a +3 ring of strength {unknown}
 C - a cursed ring of teleportation {unknown}
Scrolls
 e - 6 scrolls of identify {unknown}
 g - a scroll of blinking {unknown}
 h - 3 scrolls of enchant weapon {unknown}
 i - a scroll of fear {unknown}
 j - a scroll of teleportation {unknown}
 n - 2 scrolls of fog {unknown}
 o - a scroll of magic mapping {unknown}
 v - 2 scrolls of recharging {unknown}
 E - a scroll of enchant armour {unknown}
 G - a scroll of immolation {unknown}
Potions
 c - a potion of degeneration {unknown}
 f - a potion of haste {unknown}
 k - a potion of might {unknown}
 l - a potion of cure mutation {unknown}
 p - 2 potions of berserk rage {unknown}
 r - a potion of agility {unknown}
 s - a potion of brilliance {unknown}
 x - 3 potions of curing
 A - a potion of flight {unknown}
 B - a potion of heal wounds {unknown}
 D - a potion of lignification {unknown}
Books
 b - a book of Conjurations

   Spells                             Type                      Level
   a - Magic Dart                     Conjuration                  1
   b - Searing Ray                    Conjuration                  2
   c - Dazzling Spray                 Conjuration/Hexes            3
   d - Fulminant Prism                Conjuration/Hexes            4
   e - Iskenderun's Mystic Blast      Conjuration                  4
   f - Iskenderun's Battlesphere      Conjuration/Charms           5
 w - a book of Air

   Spells                             Type                      Level
   a - Shock                          Conjuration/Air              1
   b - Swiftness                      Charms/Air                   2
   c - Repel Missiles                 Charms/Air                   2
   d - Static Discharge               Conjuration/Air              3
   e - Lightning Bolt                 Conjuration/Air              5
 y - a book of Enchantments

   Spells                             Type                      Level
   a - Cause Fear                     Hexes                        4
   b - Yara's Violent Unravelling     Hexes/Transmutation          5
   c - Silence                        Hexes/Air                    5
   d - Deflect Missiles               Charms/Air                   6
   e - Haste                          Charms                       6
   f - Discord                        Hexes                        8
Comestibles
 d - 4 meat rations
 t - a beef jerky
 u - a slice of pizza
 F - 4 chunks of flesh
 H - a bread ration


   Skills:
 - Level 2.4 Dodging
 - Level 2.4 Stealth
 + Level 5.3 Spellcasting
 * Level 6.6 Conjurations
 * Level 0.0 Charms


You had 6 spell levels left.
You knew the following spells:

 Your Spells              Type           Power        Failure   Level  Hunger
a - Magic Dart            Conj           ####         1%          1    None
b - Searing Ray           Conj           ####..       1%          2    None
z - Iskenderun's Battles  Conj/Chrm      ###.....     78%         5    #####..


Dungeon Overview and Level Annotations

Branches:
Dungeon (4/15)
 Temple: D:4-7

Altars:
Vehumet

Annotations:
D:4 Guenter's ghost, amateur KoGl


Message History

Aim: Guenter's ghost (heavily damaged)
The searing ray hits Guenter's ghost.
Guenter's ghost is heavily damaged.
Guenter's ghost hits you!
The searing ray hits Guenter's ghost.
Guenter's ghost is heavily damaged.
Guenter's ghost barely misses you.
The searing ray hits Guenter's ghost.
Guenter's ghost is severely damaged.
Guenter's ghost hits you.
* * * LOW HITPOINT WARNING * * *
The searing ray hits Guenter's ghost.
Guenter's ghost is almost destroyed.
You finish channeling your searing ray.
Guenter's ghost hits you.
* * * LOW HITPOINT WARNING * * *
Guenter's ghost whispers, "There is no future for you."
Guenter's ghost whispers, "Death doesn't hurt.
What you feel is life."
There is a stone staircase leading up here.
Guenter's ghost hits you!
You die...

#........ #........
#.###........
#....<## #.###..###
#.####...##
#.........#
#.......#......
#....@..###...)
#....W......###....
#.......##### #..
#..(....## #..
#........#### #..
#...........# #.#
#........#..####.#
########.##...##.##
#. #.####.##..#...


You could see Guenter's ghost.

Vanquished Creatures
  The ghost of alcopop the Vexing, an amateur SpAM (D:3)
  Crazy Yiuf (D:3)
  An iguana (D:3)
  Jessica (D:2)
  3 adders
  2 dart slugs
  A leopard gecko (D:2)
  An orc (D:3)
  8 bats
  2 giant cockroaches
  3 hobgoblins
  3 jackals (D:1)
  2 kobolds
  2 quokkas (D:2)
  A ball python zombie (D:4)
  A frilled lizard (D:3)
  6 goblins
  5 rats
44 creatures vanquished.

Notes
Turn   | Place    | Note
-------+----------+-------------------------------------------
     0 | D:1      | TheGoonsmith the Deep Elf Conjurer began the quest for the Orb.
     0 | D:1      | Reached XP level 1. HP: 10/10 MP: 6/6
   149 | D:1      | Reached XP level 2. HP: 15/15 MP: 6/8
   840 | D:2      | Reached skill level 5 in Conjurations
   876 | D:2      | Reached XP level 3. HP: 19/19 MP: 3/10
  1202 | D:2      | Learned a level 2 spell: Searing Ray
  1244 | D:2      | Noticed Jessica
  1257 | D:2      | Killed Jessica
  1257 | D:2      | Reached XP level 4. HP: 24/24 MP: 8/12
  1594 | D:3      | Noticed alcopop's ghost (amateur SpAM)
  1894 | D:3      | Found a radiant altar of Vehumet.
  1898 | D:3      | Became a worshipper of Vehumet
  1901 | D:3      | Reached skill level 6 in Conjurations
  2180 | D:3      | Killed alcopop's ghost
  2180 | D:3      | Reached skill level 5 in Spellcasting
  2180 | D:3      | Reached XP level 5. HP: 28/28 MP: 6/14
  2232 | D:3      | Found a runed door.
  2457 | D:3      | Noticed Crazy Yiuf
  2461 | D:3      | Killed Crazy Yiuf
  2531 | D:4      | Learned a level 5 spell: Iskenderun's Battlesphere
  2546 | D:4      | Noticed Guenter's ghost (amateur KoGl)
  2566 | D:4      | Slain by Guenter's ghost

Vault maps used:
D:1:      dpeg_arrival_water_altar, serial_park_tiny_pond, hex_tiny
D:2:      minmay_misc_feat_pillars, uniq_jessica
D:3:      vehumet_crystals, uniq_crazy_yiuf_cottage
D:4:      minitemple, first_bread, serial_shops, shop

Skill      XL: |  1  2  3  4 |
---------------+-------------+-----
Conjurations   | 5 6 |  6.6
Spellcasting   | 4 5 |  5.3
Dodging        | |  2.4
Stealth        | |  2.4

Action                   |  1- 3 |  4- 6 || total
-------------------------+-------+-------++-------
 Cast: Magic Dart        |    62 |    19 ||    81
       Searing Ray       |     1 |     5 ||     6
  Eat: Chunk             |     1 |     2 ||     3
       Bread ration      |     1 |     1 ||     2
Armor: Robe              |     1 |     1 ||     2
Dodge: Dodged            |     3 |     5 ||     8
